AoeStats
← Maquee94

Arabia

503893957Analyzed
1v1 RM · 28d ago on Sep 2, 2026· 49m 42s· 2 players
Game mode
Random Map
Map size
Tiny (2 player)
Population
200
Speed
Normal
Resources
Standard
Victory
Conquest
Starting age
Dark Age
Ending age
Imperial Age
RankedLock teamsTeams togetherTeam positionsShared explorationLock speedFull tech treeHidden civsTurbo modeCheats
Victory
Defeat
🇧🇪 Franks · Belgium
660
+35
🇨🇱 Magyars · Chile
828
-23
Maquee94
8:36 Loom
10:42 Feudal Age
11:31 Double-Bit Axe
11:29 Horse Collar
15:34 Wheelbarrow
17:07 Scale Barding Armor
18:37 Scale Mail Armor
18:53 Bloodlines
21:21 Arson
24:43 Castle Age
25:10 Pikeman
26:08 Chain Mail Armor
30:41 Bow Saw
30:35 Heavy Plow
31:00 Light Cavalry
34:58 Husbandry
35:20 Hand Cart
35:05 Gold Mining
40:04 Imperial Age
39:06 Corvinian Army
42:30 Two-Man Saw
42:03 Crop Rotation
42:57 Chain Barding Armor
42:40 Padded Archer Armor
42:31 Fletching
44:04 Conscription
44:01 Halberdier
44:17 Heavy Scorpion
46:23 Gold Shaft Mining
RoiNick
13:18 Feudal Age
14:25 Double-Bit Axe
19:13 Castle Age
18:22 Forging
18:37 Scale Barding Armor
18:32 Gold Mining
20:12 Husbandry
26:02 Gold Shaft Mining
29:21 Bow Saw
30:13 Wheelbarrow
30:12 Ballistics
31:05 Chain Barding Armor
33:16 Hand Cart
34:39 Stone Mining
35:33 Iron Casting
38:38 Town Watch
41:57 Imperial Age
40:00 Town Patrol
42:14 Cavalier
43:33 Plate Barding Armor
43:59 Blast Furnace
42:42 Heavy Scorpion
44:32 Paladin
46:46 Chemistry
Connection lost

Rejoining the realm…

Still unreachable

The connection could not be restored.

Session expired

The server has moved on; the page needs a fresh start.